 Dungeon Crawl Stone Soup version 0.28.0-43-g3370ac3207 (webtiles) character file.

Game seed: 158258760320456752

80 smarlow the Skirmisher (level 4, 0/61 HPs)
             Began as a Hill Orc Fighter on Mar 2, 2022.
             Succumbed to an adder's poison
             ... on level 2 of the Dungeon.
             The game lasted 00:02:00 (1350 turns).

smarlow the Skirmisher (Hill Orc Fighter)           Turns: 1350, Time: 00:02:00

Health: 0/61       AC:  7    Str: 17 (20) XL:     4   Next: 39%
Magic:  4/4        EV:  9    Int:  5 (8)  God:
Gold:   114        SH:  4    Dex:  8 (10) Spells: 3/3 levels left

rFire   . . .      SeeInvis .   a - +0 war axe
rCold   . . .      Faith    .   c - +0 buckler
rNeg    . . .      Spirit   .   b - +0 scale mail
rPois   .          Reflect  .   (no helmet)
rElec   .          Harm     .   (no cloak)
rCorr   .          Rampage  .   (no gloves)
Will    .....                   (no boots)
Stlth   ..........              (no amulet)
HPRegen 0.20/turn               (no ring)
MPRegen 0.09/turn               (no ring)

@: brilliant, berserking (expiring), lethally poisoned (0 -> -3), very quick
A: no striking features
a: no special abilities


You were on level 2 of the Dungeon.
You visited 1 branch of the dungeon, and saw 2 of its levels.

You collected 114 gold pieces.

Inventory:

Hand Weapons
 a - a +0 war axe (weapon)
Armour
 b - a +0 scale mail (worn)
 c - a +0 buckler (worn)
Jewellery
 h - a ring of protection from cold
 k - an amulet of reflection
Scrolls
 e - a scroll of vulnerability {unknown}
 g - 5 scrolls of identify {unknown}
 i - a scroll of teleportation {unknown}
 m - a scroll of fear {unknown}
Potions
 d - a potion of might


   Skills:
 * Level 4.8 Fighting
 + Level 3.5 Axes
 + Level 3.8 Armour
 + Level 3.8 Shields


You had 3 spell levels left.
You didn't know any spells.
Your spell library contained the following spells:

 Spells                   Type           Power      Damage    Failure   Level
 Ensorcelled Hibernation  Hex/Ice        0%         N/A       98%         2
 Passwall                 Tmut/Erth      0%         N/A       98%         2
 Swiftness                Air            0%         N/A       100%        3


Dungeon Overview and Level Annotations

Branches:
Dungeon (2/15)

Altars:


Message History

The adder is heavily wounded.
You feel very sick. The adder completely misses you. The adder bites you.
You are more poisoned.
The adder poisons you!
You barely miss the adder.
The adder is heavily wounded.
You feel very sick. The adder barely misses you.
The adder bites you but does no damage.
You miss the adder.
The adder is heavily wounded.
You feel very sick. The adder bites you.
* * * LOW HITPOINT WARNING * * *
You are lethally poisoned!
The adder poisons you! The adder bites you but does no damage.
You slash the adder!
You kill the adder!
* * * LOW HITPOINT WARNING * * *
You feel very sick.
Unknown command.
There is a lethal amount of poison in your body!
There is a lethal amount of poison in your body!
There is a lethal amount of poison in your body!
It was a potion of brilliance.
You feel clever all of a sudden.
* * * LOW HITPOINT WARNING * * *
You feel sick.
It was a potion of degeneration.
There was something very wrong with that liquid.
You feel weakened.
You feel dopey.
You feel clumsy.
* * * LOW HITPOINT WARNING * * *
You feel sick.
It was a potion of berserk rage.
A red film seems to cover your vision as you go berserk!
You feel yourself moving faster!
You feel mighty!
* * * LOW HITPOINT WARNING * * *
You feel sick.
You feel a strong urge to attack something.
You die...

### ########### ##.##
#.........###.#[.
###.#..............
#.@...#####.##.####
###.###.#####.##.# ##
#...........#.##)###.
#.#..#####..#.##.....
#.#..# #..#.##..### #
##.# #.....#.†### ..#
#...........
..#####.......####
.........####.#


There were no monsters in sight!

Vanquished Creatures
  3 gnolls (D:2)
  An adder (D:2)
  4 endoplasms
  2 giant cockroaches (D:1)
  4 goblins
  3 hobgoblins
  4 jackals (D:1)
  4 kobolds
  4 quokkas (D:2)
  2 ball pythons (D:2)
  4 bats
  A frilled lizard (D:1)
  A rat (D:1)
37 creatures vanquished.

Vanquished Creatures (others)
  13 plants (D:2)
13 creatures vanquished.

Grand Total: 50 creatures vanquished

Notes
Turn   | Place    | Note
-------+----------+-------------------------------------------
     0 | D:1      | smarlow the Hill Orc Fighter began the quest for the Orb.
     0 | D:1      | Reached XP level 1. HP: 19/19 MP: 1/1
   107 | D:1      | Reached XP level 2. HP: 24/27 MP: 2/2
   249 | D:1      | Reached skill level 4 in Fighting
   685 | D:1      | Reached XP level 3. HP: 33/33 MP: 3/3
   814 | D:2      | Reached XP level 4. HP: 14/41 MP: 4/4
  1347 | D:2      | HP: 1/41 [poisoned by an adder]
  1350 | D:2      | Succumbed to an adder's poison

Illustrated notes

Levels and vault maps discovered:
D:1:      dpeg_arrival_orchard, layout_basic
D:2:      wad_woods_tower, layout_loops_ring, serial_shops,
          nicolae_shop_bloodbath_and_beyond, basic_altar, serial_bayou_lagoon_b

Skill      XL: |  1  2 |
---------------+-------+-----
Fighting       | 4 |  4.8
Axes           | 3 |  3.5
Armour         | |  3.8
Shields        | |  3.8

Action                   |  1- 3 |  4- 6 || total
-------------------------+-------+-------++-------
Melee: War axe           |    85 |    50 ||   135
  Use: Potion            |       |     3 ||     3
Armor: Scale mail        |    49 |    21 ||    70
Dodge: Dodged            |    38 |    24 ||    62
Block: Buckler           |    21 |    12 ||    33
